Unix NetHack Version 5.0.0-0 post-release - last build Jul 19 2026 19:10:59 (3aa4ab31751d3886436d94b585a96704892fd477,branch:main).

Game began 2026-07-28 22:27:08, ended 2026-07-28 23:05:46.

Jinnora, neutral female human Monk

                              -------
                          -----..|..|
                          |.........----------------
                          |...|.q`-..^....^^^^^^=^.|
                          |.---`-@....------------+|
                          |..`.....|.--  |.........|
                          |.----`.--.|   |.........|
                          |.`.1`..|..|   |.........|
                          |.`.`.`%..-|   |.........|
                          |..|...|``.|   |....<....|
                          |.`-----.-.|   |.........|
                          |..........|   |.........|
                          --.>--------   |.........|
                           ----          -----------

Jinnora the Initiate            St:16 Dx:14 Co:13 In:9 Wi:15 Ch:13  Neutral
Dlvl:5  $:231 HP:0(55) Pw:49(49) AC:4  Xp:7/926 T:4491 

Latest messages:
 With great effort you move the boulder.
 You kill the yellow mold!
 You are carrying too much to get through.
 With great effort you move the boulder.
 You are carrying too much to get through.
 With great effort you move the boulder.
 The boulder suddenly rolls away from you!
 You hear a boulder fall.
 With great effort you move the boulder.
 With great effort you move the boulder.
 With great effort you move the boulder.
 With great effort you move the boulder.
 You have a little trouble lifting a food ration.  Continue? [ynq] (q) y
 You learn more about your items by comparing them.
 You have a little trouble lifting e - an uncursed food ration (6 in total).
 f - a scroll labeled EIRIS SAZUN IDISI.
 Your movements are slowed slightly because of your load.
 With great effort you move the boulder.
 With great effort you move the boulder.
 With great effort you move the boulder.
 The boulder suddenly rolls away from you!
 You hear a boulder fall.
 With great effort you move the boulder.
 With great effort you move the boulder.
 With great effort you move the boulder.
 The boulder suddenly rolls away from you!
 You hear a boulder fall.
 With great effort you move the boulder.
 With great effort you move the boulder.
 With great effort you move the boulder.
 With great effort you move the boulder.
 With great effort you move the boulder.
 The boulder suddenly rolls away from you!
 You hear a boulder fall.
 With great effort you move the boulder.
 You drop 6 uncursed food rations.
 Your movements are now unencumbered.
 You hit the leocrotta!
 The leocrotta hits!
 The leocrotta bites!
 The leocrotta hits!
 You hit the leocrotta!
 The leocrotta hits!
 The leocrotta bites!
 The leocrotta misses!
 The leocrotta hits!
 The leocrotta bites!
 The leocrotta hits!
 You die...
 Do you want your possessions identified? [ynq] (y) q

Inventory:
 Coins    ('$')
  $ - 231 gold pieces
 Weapons  (')')
  m - 20 uncursed +0 darts
 Armor    ('[')
  a - a blessed +2 pair of leather gloves (being worn)
  b - an uncursed +1 robe (being worn)
 Comestibles  ('%')
  P - 3 uncursed tripe rations
  y - an uncursed tin of spinach
  w - an uncursed female lizard corpse
  Y - an uncursed male lizard corpse
 Scrolls  ('?')
  R - 2 uncursed scrolls of earth
  U - an uncursed scroll of enchant weapon
  X - a blessed scroll of gold detection
  n - an uncursed scroll of identify
  l - an uncursed scroll of light
  o - an uncursed scroll of magic mapping
  c - an uncursed scroll of remove curse
  f - a blessed scroll of teleportation
  Q - an uncursed scroll of teleportation
 Potions  ('!')
  p - an uncursed potion of blindness
  r - a cursed potion of extra healing
  D - an uncursed potion of gain level
  N - an uncursed potion of hallucination
  d - 9 uncursed potions of healing
  E - 2 cursed potions of healing
  V - an uncursed potion of oil
  F - an uncursed potion of see invisible
  T - an uncursed potion of sickness
  J - a cursed potion of speed
  Z - an uncursed potion of water
 Rings    ('=')
  G - an uncursed ring of free action
  S - a cursed ring of hunger
  W - a cursed -1 ring of increase accuracy
  K - an uncursed ring of searching
 Wands    ('/')
  O - an uncursed wand of cancellation (0:5)
  I - an uncursed wand of digging (0:3)
  A - an uncursed wand of secret door detection (0:14)
 Tools    ('(')
  s - an uncursed bag of tricks (0:7)
  H - an uncursed blindfold
  M - an uncursed magic marker (0:79)
  j - an uncursed magic marker (0:20)
  L - an uncursed oil lamp
  x - an uncursed pair of lenses (being worn)
  v - an uncursed skeleton key
  t - 2 uncursed tallow candles
  u - an uncursed tin whistle
  i - an uncursed towel
  z - an uncursed +0 unicorn horn

Jinnora the Monk's attributes:

Background:
 You were an Initiate, a level 7 female human Monk.
 You were neutral, on a mission for Chih Sung-tzu
 who was opposed by Shan Lai Ching (lawful) and Huan Ti (chaotic).
 You were right-handed.
 You were in Sokoban, on level 5.
 You entered the dungeon 4491 turns ago.
 It was nighttime.
 You had 926 experience points, 354 more were needed to attain level 8.

Basics:
 You had 0 out of 55 hit points.
 You had all 49 energy points (spell power).
 Your armor class was 4.
 Your wallet contained 231 zorkmids.
 Autopickup was off.

Final Characteristics:
 Your strength was 16 (limit:18/100).
 Your dexterity was 14 (limit:18).
 Your constitution was 13 (limit:18).
 Your intelligence was 9 (limit:18).
 Your wisdom was 15 (limit:18).
 Your charisma was 13 (limit:18).

Final Status:
 You weren't hungry.
 You were unencumbered.
 You were empty handed.
 You were skilled in martial arts.

Final Attributes:
 You were piously aligned.
 You were sleep resistant.
 You were poison resistant.
 You saw invisible.
 You were warned.
 You were stealthy.
 You were guarded.
 Your spell casting was enhanced by wearing a robe.
 You were fast.
 You are dead.

Miscellaneous:
 You encountered 1 bones level.
 Total elapsed playing time was 38 minutes and 36 seconds.

Major events:
 Turn
    1: Jinnora the neutral female human Monk entered the dungeon
  596: entered the Gnomish Mines
 1877: attained the rank of Novice (level 3)
 2742: reached Mine Town
 2927: attained the rank of Initiate (level 6)
 3993: entered Sokoban
 4317: completed 1st Sokoban level
 4491: killed by a leocrotta

Spells:
 Name                 Level Category     Fail Retention
 healing                1   healing        0%   71%-80%

Skills:
 Fighting Skills
   martial arts       [Skilled]
 Weapon Skills
   quarterstaff       [Unskilled]
   spear              [Unskilled]
   crossbow           [Unskilled]
   shuriken           [Unskilled]
 Spellcasting Skills
   attack spells      [Unskilled]
   healing spells     [Basic]
   divination spells  [Unskilled]
   enchantment spells [Unskilled]
   clerical spells    [Unskilled]
   escape spells      [Unskilled]
   matter spells      [Unskilled]

Voluntary challenges:
 Character rerolling was not enabled.
 You never hit with a wielded weapon.
 You never genocided any monsters.
 You never polymorphed an object.
 You never changed form.
 You used no wishes.
 You did not violate any of the special Sokoban rules.
Achievements:
 You entered the Gnomish Mines.
 You entered a shop.
 You attained the rank of Novice.
 You entered Minetown.
 You attained the rank of Initiate.
 You entered a temple.
 You entered Sokoban.

 The Dungeons of Doom: levels 1 to 8
    Level 1:
       An altar to Chih Sung-tzu, a fountain.
    Level 2:
       A fountain.
    Level 3:
       A tool shop, some fountains.
    Level 4:
       Stairs down to The Gnomish Mines.
    Level 5:
    Level 6:
       Many fountains.
       Oracle of Delphi.
    Level 7:
       Stairs up to Sokoban, level 6.
    Level 8:
       A fountain.
       Final resting place for
          merpish-Arc-Dwa-Mal-Law, killed by contaminated water.
 The Gnomish Mines: levels 5 to 8
    Level 5:
    Level 6:
    Level 7:
       Many shops, a temple and an altar, some fountains, some trees.
    Level 8:
 Sokoban: levels 6 up to 5
    Level 5: <- You were here.
       Unsolved.
       Final resting place for
          you, killed by a leocrotta.
    Level 6:
       Solved.


Vanquished creatures:
  2 small mimics
  a watchman
  a giant beetle
  a wolf
  a yeti
  2 lizards
  a dog
  a dwarf leader
  a white unicorn
  a raven
 an imp
  a wood nymph
  2 rock moles
  a yellow light
  6 gnome leaders
  a kobold mummy
  a black naga hatchling
  7 dwarves
  a kobold leader
  3 hill orcs
  2 rothes
  3 giant bats
 an iguana
  5 killer bees
 an acid blob
  2 coyotes
  3 hobbits
  a giant rat
  2 cave spiders
  a yellow mold
 28 gnomes
  a gnome zombie
  3 geckos
  3 jackals
  2 kobolds
  4 goblins
  9 grid bugs
  a bat
  5 lichens
  a kobold zombie
  4 newts
118 creatures vanquished.

No species were genocided or became extinct.

Game over:
                       ----------
                      /          \
                     /    REST    \
                    /      IN      \
                   /     PEACE      \
                  /                  \
                  |     Jinnora      |
                  |      231 Au      |
                  |   killed by a    |
                  |    leocrotta     |
                  |                  |
                  |                  |
                  |       2026       |
                 *|     *  *  *      | *
        _________)/\\_//(\/(/\)/\//\/|_)_______

Goodbye Jinnora the Monk...

You died in Sokoban on dungeon level 5 with 4282 points,
and 231 pieces of gold, after 4491 moves.
You were level 7 with a maximum of 55 hit points when you died.

